 Dungeon Crawl Stone Soup version 0.19-a0-231-gae044c8 (console) character file.

72 Dingbat the Charmwright (level 4, 0/29 HPs)
             Began as a High Elf Skald on May 25, 2016.
             Succumbed to an adder's poison
             ... on level 2 of the Dungeon.
             The game lasted 00:03:06 (1350 turns).

Dingbat the Charmwright (High Elf Skald)            Turns: 1350, Time: 00:03:06

Health: 0/29       AC:  3    Str: 11    XL:     4   Next: 6%
Magic:  6/9        EV: 11    Int: 16    God:
Gold:   90         SH:  0    Dex: 15    Spells: 2 memorised, 6 levels left

rFire  . . .     SeeInvis .     a - +0 falchion
rCold  . . .     Gourm    .     b - +0 leather armour
rNeg   . . .     Faith    .     (no shield)
rPois  .         Spirit   .     (no helmet)
rElec  .         Dismiss  .     (no cloak)
rCorr  .         Reflect  .     (no gloves)
SustAt .         Harm     .     (no boots)
MR     +....                    (no amulet)
Stlth  +.........               m - ring of protection from magic
                                (no ring)

@: lethally poisoned (0 -> -7), infused, somewhat resistant to hostile
enchantments, very unstealthy
A: no striking features
a: no special abilities


You were on level 2 of the Dungeon.
You were hungry.

You visited 1 branch of the dungeon, and saw 2 of its levels.

You collected 90 gold pieces.

Inventory:

Hand Weapons
 a - a +0 falchion (weapon)
 w - a +0 dagger of holy wrath
Missiles
 e - 4 needles of confusion
Armour
 b - a +0 leather armour (worn)
 o - a +0 buckler
Jewellery
 i - an uncursed ring of teleportation
 m - a ring of protection from magic (right hand)
Wands
 p - a wand of disintegration (9/24)
Scrolls
 j - a scroll of noise {unknown}
 n - a scroll of remove curse
Potions
 g - a potion of degeneration
 k - 2 potions of brilliance
Books
 c - a book of Battle

   Spells                             Type                      Level
   a - Infusion                       Charms                       1
   b - Shroud of Golubria             Charms/Translocation         2
   c - Song of Slaying                Charms                       2
   d - Spectral Weapon                Hexes/Charms                 3
   e - Regeneration                   Charms/Necromancy            3
Comestibles
 d - a bread ration
 f - a meat ration


   Skills:
 - Level 2.0 Fighting
 + Level 4.1 Long Blades
 - Level 0.8 Armour
 - Level 1.1 Dodging
 - Level 3.1 Spellcasting
 + Level 4.4 Charms


You had 6 spell levels left.
You knew the following spells:

 Your Spells              Type           Power        Failure   Level  Hunger
a - Infusion              Chrm           ###.         4%          1    None
b - Song of Slaying       Chrm           ###.....     8%          2    ##.....


Dungeon Overview and Level Annotations

Branches:
Dungeon (2/15)

Altars:
Kikubaaqudgha


Message History

You see here an adder corpse.
You butcher the adder corpse.
* * * LOW HITPOINT WARNING * * *
You feel sick.
You see here 2 chunks of flesh.
There is a lethal amount of poison in your body!
There is a lethal amount of poison in your body!
* * * LOW HITPOINT WARNING * * *
You feel sick.
* * * LOW HITPOINT WARNING * * *
You feel sick.
* * * LOW HITPOINT WARNING * * *
You feel sick.
* * * LOW HITPOINT WARNING * * *
You feel sick.
* * * LOW HITPOINT WARNING * * *
You feel sick.
Drink which item? (? for menu, Esc to quit)
Okay, then.
You die...

.##.#.###.# ##..#.....
..........# ##.#..... ......#.###
#.###.#. .##.#.#.# #.###.##
.##.#.#.# #.##..## (##.#.#.#
#.##.### .##.#.#.# #.##.# #
.#..........##############.##<###
.#..#.#.# #....%@..........##....
.# #..#################### .# #
.# ## ### #.. #.# #.# #.#


There were no monsters in sight!

Vanquished Creatures
  4 adders (D:2)
  3 worms (D:2)
  2 giant geckos (D:2)
  A goblin (D:1)
  4 hobgoblins
  3 jackals (D:2)
  A giant newt (D:1)
  6 kobolds
  4 rats
28 creatures vanquished.

Notes
Turn   | Place    | Note
--------------------------------------------------------------
     0 | D:1      | Dingbat the High Elf Skald began the quest for the Orb.
     0 | D:1      | Reached XP level 1. HP: 14/14 MP: 4/4
   267 | D:2      | Reached XP level 2. HP: 10/19 MP: 6/6
   267 | D:2      | Found an ancient bone altar of Kikubaaqudgha.
   559 | D:2      | Learned a level 2 spell: Song of Slaying
   933 | D:2      | Reached XP level 3. HP: 6/24 MP: 4/8
   941 | D:2      | HP: 1/24 [poisoned by an adder]
  1341 | D:2      | Reached XP level 4. HP: 8/29 MP: 5/9
  1349 | D:2      | HP: 1/29 [poisoned by an adder]
  1350 | D:2      | Succumbed to an adder's poison

Vault maps used:
D:1:      scummos_arrival_simple_crosswalls
D:2:      kiku_gazebo_pond_becter, old_standard_altar

Skill      XL: |  1  2  3 |
---------------+----------+-----
Spellcasting   | 3 |  3.1
Long Blades    | 3 4 |  4.1
Charms         | 4 |  4.4
Fighting       | |  2.0
Armour         | |  0.8
Dodging        | |  1.1

Action                   |  1- 3 |  4- 6 || total
-------------------------+-------+-------++-------
Melee: Falchion          |    97 |       ||    97
 Cast: Infusion          |    12 |       ||    12
  Use: Scroll            |     5 |       ||     5
       Potion            |     2 |       ||     2
  Eat: Chunk             |     1 |       ||     1
Armor: Leather armour    |    14 |       ||    14
Dodge: Dodged            |    60 |       ||    60
